[Event "FIDE World Cup O12-TB 2024"]
[Site "Batumi"]
[Date "2024.07.02"]
[Round "2.1"]
[White "Qu, Haoming"]
[Black "Obidov, Biloliddin"]
[Result "1/2-1/2"]
[ECO "B23"]
[WhiteElo "1877"]
[BlackElo "1998"]
[Annotator "NA RC"]
[PlyCount "71"]
[EventDate "2024.06.23"]
[EventType "swiss"]
[EventCountry "GEO"]
[SourceTitle "playchess.com"]
[Source "ChessBase"]
[SourceQuality "1"]
[TimeControl "5400+30"]

1. e4 c5 2. Nc3 e6 3. Nge2 Nc6 4. g3 d6 5. Bg2 g6 6. d4 {[%emt 0:00:24] B23: Closed Sicilian: Lines without g3.} cxd4 7. Nxd4 a6 8. O-O Bg7 9. Be3 Nge7 10. Qd2 O-O 11. Rad1 Ne5 12. Qe2 b5 13. a4 b4 14. Nb1 Bb7 15. f4 Nd7 16. Bf2 e5 17. fxe5 Nxe5 18. c4 bxc3 19. Nxc3 Rc8 20. Bh3 Rb8 21. Bg2 Qa5 22. Nc2 Bc6 23. Ne3 Qb4 24. Ncd5 Nxd5 25. Nxd5 Qxa4 26. Ne7+ Kh8 $17 27. Nxc6 Qxc6 28. Bd4 Qc4 29. Qd2 Ng4 30. Bxg7+ Kxg7 31. Rf4 Qc5+ 32. Kh1 h5 33. h3 Ne5 34. Qxd6 Qxd6 35. Rxd6 Rxb2 36. Rxa6 1/2-1/2

[Event "FIDE World Cup O12-TB 2024"]
[Site "Batumi"]
[Date "2024.07.02"]
[Round "2.2"]
[White "Bulgak, Damir"]
[Black "Gabadadze, Gabriel"]
[Result "1-0"]
[ECO "E18"]
[WhiteElo "1931"]
[BlackElo "1975"]
[Annotator "NA RC"]
[PlyCount "65"]
[EventDate "2024.06.23"]
[EventType "swiss"]
[EventCountry "GEO"]
[SourceTitle "playchess.com"]
[Source "ChessBase"]
[SourceQuality "1"]
[TimeControl "5400+30"]

1. d4 Nf6 2. c4 e6 3. Nf3 b6 4. g3 Bb7 5. Bg2 Be7 6. O-O O-O 7. Nc3 Ne4 8. Bd2 {[%emt 0:00:11] is recently more successful than 8.Qc2.} Bf6 9. Re1 {[%emt 0:00:22] E18: Queen's Indian: Old Main Line (4 g3 Bb7 5 Bg2 Be7 6 0-0 0-0 7 Nc3).} c5 10. d5 Nxc3 11. Bxc3 Bxc3 12. bxc3 exd5 13. cxd5 d6 14. e4 Nd7 15. Nd2 Qf6 $146 ({Predecessor:} 15... b5 16. a4 a6 17. f4 c4 18. Nf3 Nc5 19. axb5 axb5 20. Rxa8 Qxa8 21. Qd4 Re8 {½-½ Sjugirov,S (2696)-Durarbayli,V (2638) Titled Tuesday intern op 07th Jun Early blitz 2022 (7)}) 16. Qc2 Rfe8 17. f4 Rad8 18. a4 h6 19. Nf3 c4 20. Rad1 Rc8 21. Bh3 Rc7 22. e5 Nxe5 23. fxe5 dxe5 24. Qf5 Qxf5 25. Bxf5 g6 $2 (25... Rc5 26. Rxe5 (26. Nxe5 Rxd5 27. Rxd5 Bxd5 $18) 26... Rxe5 27. Nxe5 Bxd5) 26. d6 ({Not} 26. Rxe5 Rxe5 27. Nxe5 gxf5 $16) 26... Rc5 27. Bd7 Rd8 28. Nxe5 Kg7 29. Bb5 a6 $18 30. Bxc4 b5 31. axb5 axb5 32. Nxf7 Rf8 33. d7 1-0

[Event "FIDE World Cup O12-TB 2024"]
[Site "Batumi"]
[Date "2024.07.02"]
[Round "2.3"]
[White "Ibrahimli, Suat"]
[Black "Guo, Ethan"]
[Result "1/2-1/2"]
[ECO "D75"]
[WhiteElo "1852"]
[BlackElo "2136"]
[Annotator "RC"]
[PlyCount "39"]
[EventDate "2024.06.23"]
[EventType "swiss"]
[EventCountry "GEO"]
[SourceTitle "playchess.com"]
[Source "ChessBase"]
[SourceQuality "1"]
[TimeControl "5400+30"]

1. d4 Nf6 2. c4 g6 3. Nc3 d5 4. cxd5 Nxd5 5. g3 Bg7 6. Bg2 Nxc3 7. bxc3 c5 8. Nf3 Nc6 9. Be3 O-O 10. O-O cxd4 11. cxd4 Bg4 12. Rb1 Bxf3 13. Bxf3 Nxd4 14. Rxb7 Nxf3+ 15. exf3 Qa5 16. Qb3 Bf6 17. Rd1 a6 18. Bd4 Bxd4 19. Rxd4 Rad8 20. Qb4 1/2-1/2

[Event "FIDE World Cup O12-TB 2024"]
[Site "Batumi"]
[Date "2024.07.02"]
[Round "2.4"]
[White "Syed Abdul Khader"]
[Black "Batbaatar, Baatar"]
[Result "1-0"]
[ECO "E49"]
[WhiteElo "2050"]
[BlackElo "1724"]
[Annotator "NA RC"]
[PlyCount "57"]
[EventDate "2024.06.23"]
[EventType "swiss"]
[EventCountry "GEO"]
[SourceTitle "playchess.com"]
[Source "ChessBase"]
[SourceQuality "1"]
[TimeControl "5400+30"]

1. d4 Nf6 2. c4 e6 3. Nc3 Bb4 4. e3 O-O 5. a3 Bxc3+ 6. bxc3 d5 7. cxd5 exd5 8. Bd3 c5 9. Ne2 Nc6 10. O-O c4 11. Bc2 b5 12. f3 h6 13. Ng3 a5 14. e4 dxe4 15. fxe4 Ra6 16. Qf3 Ne7 17. Rb1 Rb6 18. Bd2 Ng6 19. e5 Nd5 20. Ne4 Nh4 21. Qf2 Nf5 22. Kh1 Be6 23. Nc5 Nfe7 24. Nxe6 fxe6 25. Qe2 Kh8 26. Qe4 Rf5 27. g4 Rxf1+ 28. Rxf1 Qg8 29. Rf8 1-0

[Event "FIDE World Cup O12-TB 2024"]
[Site "Batumi"]
[Date "2024.07.02"]
[Round "2.5"]
[White "Aadik Theophane Lenin"]
[Black "Wang, Ted"]
[Result "1/2-1/2"]
[ECO "B07"]
[WhiteElo "1852"]
[BlackElo "2034"]
[Annotator "NA RC"]
[PlyCount "72"]
[EventDate "2024.06.23"]
[EventType "swiss"]
[EventCountry "GEO"]
[SourceTitle "playchess.com"]
[Source "ChessBase"]
[SourceQuality "1"]
[TimeControl "5400+30"]

1. d4 Nf6 2. Nf3 g6 3. g3 Bg7 4. Bg2 O-O 5. O-O d6 6. Nc3 Nbd7 7. e4 e5 8. h3 c6 9. a4 a5 10. Be3 Qe7 11. Re1 exd4 12. Bxd4 Ne5 13. Nh2 c5 14. Be3 Nc4 15. Qc1 Nxe3 16. Qxe3 Nd7 17. Nd5 Qd8 18. c3 Nb6 19. Qd2 Nxd5 20. Qxd5 Qb6 21. Qd2 Kh8 22. f4 Bd7 23. Nf1 Rad8 24. Ne3 Qa6 25. Bf1 Qc6 26. Nc4 Be6 27. Nxa5 Qc7 28. c4 Qb6 29. Ra3 Qxb2 30. Qxb2 Bxb2 31. Rb3 Bd4+ 32. Kh1 Bc8 33. Bg2 Rd7 34. e5 dxe5 35. Nxb7 e4 36. Reb1 e3 1/2-1/2

[Event "FIDE World Cup O12-TB 2024"]
[Site "Batumi"]
[Date "2024.07.02"]
[Round "2.6"]
[White "Yang, ZiLong"]
[Black "Garakhanov, Shamsi"]
[Result "1-0"]
[ECO "B92"]
[WhiteElo "1874"]
[BlackElo "1884"]
[Annotator "NA RC"]
[PlyCount "83"]
[EventDate "2024.06.23"]
[EventType "swiss"]
[EventCountry "GEO"]
[SourceTitle "playchess.com"]
[Source "ChessBase"]
[SourceQuality "1"]
[TimeControl "5400+30"]

1. e4 c5 2. Nf3 d6 3. d4 cxd4 4. Nxd4 Nf6 5. Nc3 a6 6. Be2 e5 7. Nb3 Be7 8. O-O Be6 9. f4 exf4 10. Bxf4 Nc6 11. Qd3 Ne5 12. Qg3 Ng6 13. Be3 O-O 14. Nd4 Rc8 15. Nxe6 fxe6 16. Rad1 Kh8 17. Qh3 Qd7 18. Bd4 e5 19. Qxd7 Nxd7 20. Be3 Nf6 21. a4 Rfd8 22. g3 Rd7 23. Bd3 Rdc7 24. Nd5 Nxd5 25. exd5 Bf6 26. b3 Re7 27. Bf5 Rce8 28. c4 Rc7 29. Bb6 Rf7 30. Be6 Rfe7 31. c5 dxc5 32. Bxc5 Rc7 33. b4 Nf8 34. Bf5 a5 35. d6 Rc6 36. d7 Rd8 37. Be4 Rxc5 38. bxc5 Rxd7 39. Rd6 Rxd6 40. cxd6 b6 41. Rb1 Bd8 42. Rc1 1-0

[Event "FIDE World Cup O12-TB 2024"]
[Site "Batumi"]
[Date "2024.07.02"]
[Round "2.7"]
[White "Zhang, Haoxuan(Zj)"]
[Black "Siddhanth Poonja"]
[Result "1-0"]
[ECO "B22"]
[WhiteElo "1907"]
[BlackElo "1958"]
[Annotator "NA RC"]
[PlyCount "115"]
[EventDate "2024.06.23"]
[EventType "swiss"]
[EventCountry "GEO"]
[SourceTitle "playchess.com"]
[Source "ChessBase"]
[SourceQuality "1"]
[TimeControl "5400+30"]

1. e4 c5 2. Nf3 g6 3. c3 d5 4. e5 Nc6 5. d4 cxd4 6. cxd4 Bg4 7. Bb5 Qb6 8. Bxc6+ Qxc6 9. O-O Nh6 10. Nbd2 Nf5 11. h3 Bxf3 12. Nxf3 h5 13. Bg5 Bh6 14. Rc1 Qa6 15. Bxh6 Nxh6 16. Rc7 O-O 17. Qd2 Kg7 18. Rxe7 Rfe8 19. Rc7 Rac8 20. Rfc1 Rxc7 21. Rxc7 Qb6 22. Qc3 Nf5 23. Qc5 Qxb2 24. Qxd5 Re7 25. Rc8 Qb6 26. Qd8 Qxd8 27. Rxd8 Rc7 28. d5 Rc1+ 29. Kh2 Rc2 30. d6 Rxf2 31. d7 Ne3 32. Rg8+ Kxg8 33. d8=Q+ Kh7 34. Qf6 Rxg2+ 35. Kh1 Rg3 36. Qxf7+ Kh8 37. e6 Rxh3+ 38. Kg1 Rg3+ 39. Kf2 Nf5 40. Ng5 Rxg5 41. Qf6+ Kg8 42. Qxg5 Kg7 43. Qd8 a5 44. e7 Nxe7 45. Qxe7+ Kh6 46. Qxb7 a4 47. Qb4 a3 48. Qxa3 h4 49. Qe7 Kh5 50. Kf3 Kh6 51. Qxh4+ Kg7 52. Qg5 Kf7 53. a4 Kg7 54. a5 Kh7 55. a6 Kg7 56. a7 Kf7 57. a8=Q Ke6 58. Qad5# 1-0

[Event "FIDE World Cup O12-TB 2024"]
[Site "Batumi"]
[Date "2024.07.02"]
[Round "2.8"]
[White "Yerzhanuly Yernur"]
[Black "Minkhajdarov, Ruslan"]
[Result "0-1"]
[ECO "A48"]
[WhiteElo "1810"]
[BlackElo "1921"]
[Annotator "NA RC"]
[PlyCount "98"]
[EventDate "2024.06.23"]
[EventType "swiss"]
[EventCountry "GEO"]
[SourceTitle "playchess.com"]
[Source "ChessBase"]
[SourceQuality "1"]
[TimeControl "5400+30"]

1. d4 Nf6 2. Bf4 g6 3. e3 d6 4. Nf3 Nh5 5. Bg5 h6 6. Bh4 g5 7. Nfd2 Ng7 8. Bg3 Nf5 9. Bd3 Bg7 10. Qf3 Nxg3 11. hxg3 c5 12. Bb5+ Nd7 13. c3 e6 14. Nc4 Qc7 15. Bxd7+ Qxd7 16. dxc5 dxc5 17. Nbd2 O-O 18. Ne4 f5 19. Ned6 g4 20. Qd1 b5 21. Nxc8 Qxc8 22. Nd2 Rd8 23. Qc2 c4 24. O-O-O Qc6 25. e4 Rd3 26. exf5 exf5 27. Nf1 Rxd1+ 28. Qxd1 b4 29. cxb4 c3 30. Ne3 cxb2+ 31. Kb1 Rc8 32. Qd5+ Qxd5 33. Nxd5 Kf7 34. a4 Bd4 35. a5 h5 36. Ne3 Ke6 37. Nc2 Bxf2 38. Rxh5 Rd8 39. Kxb2 Bxg3 40. Ne3 Be5+ 41. Kc2 Rc8+ 42. Kd3 Rc3+ 43. Kd2 Rb3 44. Rh6+ Bf6 45. Rh5 Rb2+ 46. Kd3 Rxb4 47. Rxf5 Rb3+ 48. Kd2 Bd4 49. Nc2 Bc3+ 0-1

[Event "FIDE World Cup O12-TB 2024"]
[Site "Batumi"]
[Date "2024.07.02"]
[Round "2.9"]
[White "Tatvidze, Davit"]
[Black "Haresh, Venkata Narayanaswam"]
[Result "1/2-1/2"]
[ECO "E62"]
[WhiteElo "2000"]
[BlackElo "1728"]
[Annotator "NA RC"]
[PlyCount "78"]
[EventDate "2024.06.23"]
[EventType "swiss"]
[EventCountry "GEO"]
[SourceTitle "playchess.com"]
[Source "ChessBase"]
[SourceQuality "1"]
[TimeControl "5400+30"]

1. c4 Nf6 2. Nc3 g6 3. g3 Bg7 4. Bg2 O-O 5. Nf3 d6 6. d4 c6 7. O-O Qa5 8. e4 e5 9. h3 exd4 10. Nxd4 Qc5 11. Nb3 Qxc4 12. Qxd6 Ne8 13. Qd1 b6 14. Be3 Bb7 15. Rc1 Qe6 16. Qc2 c5 17. Bxc5 Ba6 18. Bxf8 Bxf1 19. Rxf1 Kxf8 20. e5 Nc6 21. f4 Rc8 22. Qe4 Kg8 23. Nd4 Nxd4 24. Qxd4 Bf8 25. Kh2 Bc5 26. Qa4 Ng7 27. Qxa7 Nf5 28. Bd5 Qe8 29. Ne4 Be7 30. e6 Qb5 31. Qd7 Rc2+ 32. Rf2 Rxf2+ 33. Nxf2 Qe2 34. Kg1 Qe1+ 35. Kg2 Qe2 36. Qc8+ Kg7 37. exf7 Ne3+ 38. Kg1 Qf1+ 39. Kh2 Qxf2+ 1/2-1/2

[Event "FIDE World Cup O12-TB 2024"]
[Site "Batumi"]
[Date "2024.07.02"]
[Round "2.11"]
[White "Ambartsumyan, Yuri"]
[Black "Sobirov, Afruzbek"]
[Result "1-0"]
[ECO "D00"]
[WhiteElo "1750"]
[BlackElo "1789"]
[Annotator "NA RC"]
[PlyCount "103"]
[EventDate "2024.06.23"]
[EventType "swiss"]
[EventCountry "GEO"]
[SourceTitle "playchess.com"]
[Source "ChessBase"]
[SourceQuality "1"]
[TimeControl "5400+30"]

1. d4 Nf6 2. Bg5 d5 3. Bxf6 exf6 4. Nf3 Bd6 5. e3 Bf5 6. Bd3 Be4 7. c4 f5 8. cxd5 Bb4+ 9. Nc3 Qxd5 10. O-O Bxc3 11. bxc3 Bxf3 12. Qxf3 Qxf3 13. gxf3 f4 14. e4 Nd7 15. Rab1 O-O-O 16. Rb5 g6 17. Rfb1 b6 18. Bc4 c6 19. Rg5 f6 20. Rg4 g5 21. Kh1 Rhe8 22. Rgg1 b5 23. Be2 Nb6 24. Rgd1 a6 25. Rbc1 c5 26. Rd2 Kc7 27. Kg2 Kb7 28. Rcd1 Na4 29. Rc1 f5 30. e5 Rxe5 31. Bd1 Nb6 32. Bb3 a5 33. a3 Re7 34. Rcd1 Red7 35. Kg1 cxd4 36. cxd4 Nc4 37. Bxc4 bxc4 38. Kg2 Kc6 39. h3 Kb5 40. a4+ Kb4 41. Rb2+ Kc3 42. Rdd2 Rd5 43. Kf1 R5d6 44. Rbc2+ Kb3 45. Rb2+ Kxa4 46. Rd1 Ka3 47. Rb5 Ka2 48. Rd2+ Ka1 49. Rd1+ Ka2 50. Rd2+ Ka3 51. Rd1 Ka4 52. Rb7 1-0

[Event "FIDE World Cup O12-TB 2024"]
[Site "Batumi"]
[Date "2024.07.02"]
[Round "2.12"]
[White "Yin, Zeming"]
[Black "Diaz Guerrero, Jesus Daniel"]
[Result "1/2-1/2"]
[ECO "C54"]
[WhiteElo "1832"]
[BlackElo "2032"]
[Annotator "NA RC"]
[PlyCount "82"]
[EventDate "2024.06.23"]
[EventType "swiss"]
[EventCountry "GEO"]
[SourceTitle "playchess.com"]
[Source "ChessBase"]
[SourceQuality "1"]
[TimeControl "5400+30"]

1. e4 e5 2. Nf3 Nc6 3. Bc4 Nf6 4. d3 Bc5 5. c3 O-O 6. O-O d5 7. exd5 Nxd5 8. Re1 Bg4 9. Nbd2 Nb6 10. Bb5 f6 11. Ne4 Be7 12. h3 Bd7 13. a4 a6 14. Qb3+ Kh8 15. Bxc6 Bxc6 16. a5 Nc8 17. d4 Bxe4 18. Rxe4 Nd6 19. Re1 e4 20. Nh2 f5 21. Bf4 Bg5 22. Be5 Qe7 23. f3 Nf7 24. fxe4 Nxe5 25. exf5 Qf7 26. Qxb7 Nd3 27. Re2 Qxf5 28. Rf1 Qxa5 29. Qe4 Nf4 30. Ref2 Rfe8 31. Rxf4 Bxf4 32. Qxf4 Qb6 33. b4 a5 34. bxa5 Qxa5 35. Qf3 Qa3 36. Ng4 Rf8 37. Qe3 Rxf1+ 38. Kxf1 Qa1+ 39. Kf2 Qa2+ 40. Kg1 Qf7 41. Ne5 Qf5 1/2-1/2

[Event "FIDE World Cup O12-TB 2024"]
[Site "Batumi"]
[Date "2024.07.02"]
[Round "2.13"]
[White "Kakavand, Ramtin"]
[Black "Kozhedub, Ivan"]
[Result "0-1"]
[ECO "B27"]
[WhiteElo "2059"]
[BlackElo "1778"]
[Annotator "NA RC"]
[PlyCount "124"]
[EventDate "2024.06.23"]
[EventType "swiss"]
[EventCountry "GEO"]
[SourceTitle "playchess.com"]
[Source "ChessBase"]
[SourceQuality "1"]
[TimeControl "5400+30"]

1. e4 c5 2. Nf3 g6 3. d4 cxd4 4. Qxd4 Nf6 5. Nc3 Nc6 6. Qa4 d6 7. e5 dxe5 8. Nxe5 Bd7 9. Nxd7 Nxd7 10. Be3 Bg7 11. Be2 O-O 12. O-O e6 13. Rad1 Qe7 14. Qb3 Nf6 15. Na4 Rfd8 16. c4 e5 17. Rfe1 Qc7 18. Bf3 e4 19. Be2 Ne5 20. h3 Nfd7 21. Qc2 f5 22. Nc3 Nf8 23. Nb5 Qe7 24. Bxa7 Ne6 25. Rxd8+ Rxd8 26. Be3 f4 27. Bb6 Rd7 28. Bg4 Nxg4 29. hxg4 Ng5 30. c5 Kh8 31. Nd6 e3 32. fxe3 Qe6 33. Qa4 h6 34. Qxf4 Be5 35. Qf8+ Kh7 36. Re2 Qxg4 37. Qf1 Qg3 38. Qf8 Qh2+ 39. Kf1 Qh1+ 40. Kf2 Bxd6 41. cxd6 Ne4+ 42. Kf3 Qf1+ 43. Kxe4 Qxf8 44. Bc5 Qf7 45. Kd4 Qf6+ 46. Kd5 Qf5+ 47. Kd4 b6 48. Ba3 Qg4+ 49. Kd3 Rxd6+ 50. Bxd6 Qd7 51. e4 Qxd6+ 52. Ke3 Qe5 53. b3 h5 54. Rd2 h4 55. Kd3 g5 56. Ke3 g4 57. Re2 Kg6 58. Kf2 Qf4+ 59. Kg1 g3 60. Rc2 Qe3+ 61. Kf1 Qxe4 62. Re2 Qf4+ 0-1

[Event "FIDE World Cup O12-TB 2024"]
[Site "Batumi"]
[Date "2024.07.02"]
[Round "2.14"]
[White "Nanayakkara, Sanuk"]
[Black "Martinez Flores, Matias"]
[Result "1-0"]
[ECO "D02"]
[WhiteElo "1714"]
[BlackElo "2080"]
[Annotator "NA RC"]
[PlyCount "89"]
[EventDate "2024.06.23"]
[EventType "swiss"]
[EventCountry "GEO"]
[SourceTitle "playchess.com"]
[Source "ChessBase"]
[SourceQuality "1"]
[TimeControl "5400+30"]

1. Nf3 d5 2. g3 Nf6 3. Bg2 c5 4. O-O e6 5. d4 cxd4 6. Qxd4 Nc6 7. Qd1 Bc5 8. c4 d4 9. e3 O-O 10. exd4 Nxd4 11. Nc3 Nc6 12. Qe2 Qe7 13. Na4 Bd6 14. Be3 e5 15. Rac1 Bg4 16. h3 Bh5 17. Qc2 Bg6 $11 18. Qb3 Rad8 19. Nh4 Rd7 20. Nxg6 hxg6 21. Rfd1 Rfd8 22. Nc3 e4 23. Bg5 e3 24. Bxe3 Bxg3 25. Nd5 Nxd5 26. cxd5 Na5 27. Qc3 Bc7 28. b4 Nc6 29. Re1 Be5 30. Qb3 Nb8 31. Bxa7 Qf6 32. Qf3 Na6 33. Qxf6 gxf6 34. Bc5 Rb8 35. Rb1 b6 36. Be3 Bc3 37. Rec1 Bxb4 38. Bf1 b5 39. Rc6 Rd6 40. Bf4 Rxc6 41. dxc6 Rc8 42. Bxb5 Nc7 43. Bxc7 Rxc7 44. Rxb4 Kf8 45. Rd4 1-0

[Event "FIDE World Cup O12-TB 2024"]
[Site "Batumi"]
[Date "2024.07.02"]
[Round "2.15"]
[White "Pirtac, Alexandru"]
[Black "Li, Yiheng"]
[Result "1-0"]
[ECO "B15"]
[WhiteElo "1977"]
[BlackElo "1886"]
[Annotator "NA RC"]
[PlyCount "71"]
[EventDate "2024.06.23"]
[EventType "swiss"]
[EventCountry "GEO"]
[SourceTitle "playchess.com"]
[Source "ChessBase"]
[SourceQuality "1"]
[TimeControl "5400+30"]

1. e4 c6 2. d4 d5 3. Nc3 dxe4 4. Nxe4 Nf6 5. Nxf6+ exf6 6. c3 Bd6 7. Bd3 O-O 8. Qc2 Re8+ 9. Ne2 h5 10. Be3 Nd7 11. O-O-O Nf8 12. h3 h4 13. Rhg1 Be6 14. g3 b5 15. gxh4 Bd5 16. Bh6 Ne6 17. Bf5 Bf8 18. Rg3 g6 19. Qd2 Qa5 20. Bxf8 Kxf8 21. Bxe6 Bxe6 22. a3 Rad8 23. Qh6+ Ke7 24. Nf4 Bf5 25. Re3+ Kd7 26. Qg7 Rxe3 27. fxe3 Ke7 28. e4 Bxe4 29. Re1 Rxd4 30. Nxg6+ Ke6 31. Nf4+ Ke7 32. Nh5 Qa4 33. Qxf6+ Kf8 34. Qf2 Qb3 35. Nf6 Bg6 36. h5 1-0

[Event "FIDE World Cup O12-TB 2024"]
[Site "Batumi"]
[Date "2024.07.02"]
[Round "2.16"]
[White "Kristesiashvili, Andria"]
[Black "Chia, Yu Zhe Ashton"]
[Result "0-1"]
[ECO "B38"]
[WhiteElo "1728"]
[BlackElo "2229"]
[Annotator "TA"]
[PlyCount "103"]
[EventDate "2024.06.23"]
[EventType "swiss"]
[EventCountry "GEO"]
[SourceTitle "playchess.com"]
[Source "ChessBase"]
[SourceQuality "1"]
[TimeControl "5400+30"]

1. e4 c5 2. Nf3 g6 3. d4 cxd4 4. Nxd4 Bg7 5. c4 Nc6 6. Be3 Qb6 7. Nb5 Qa5+ 8. Bd2 Qd8 9. Bc3 {[%emt 0:02:06] Die Stellung ist ausgeglichen.} Nf6 10. Bd3 a6 11. N5a3 Qc7 12. Nd2 O-O 13. O-O d6 (13... Ng4 $5 14. Qxg4 Bxc3 15. bxc3 Qd6 $11) 14. h3 e6 15. Nf3 Rd8 16. Qc1 d5 17. exd5 exd5 18. cxd5 Nxd5 19. Bxg7 Kxg7 20. Rd1 Nf4 21. Bf1 {[%emt 0:02:16] [#] Und Rxd8 würde nun gewinnen.} Be6 (21... Rxd1 $5 22. Qc3+ Kg8 23. Rxd1 Be6 $11) 22. Nd4 Bd5 {[%emt 0:03:57][%cal Od5g2] ...Bxg2! wäre nun fies.} (22... Qe5 $5 23. Nxe6+ Nxe6 $14) 23. Nxc6 Bxc6 24. g3 Ne6 {[%emt 0:04:55] ...Rxd1 ist eine echte Drohung.} 25. Qc3+ Kg8 26. Bg2 Bxg2 27. Qxc7 Nxc7 (27... Rxd1+ {vereinfacht} 28. Rxd1 Nxc7 29. Kxg2 Ne6) 28. Kxg2 Ne6 29. Nc4 Rac8 30. Ne3 f5 31. Rxd8+ Rxd8 $11 {[%emt 0:00:24][%mdl 4096] Endspiel. KRN-KRN} 32. Re1 Kf7 33. Nc4 b5 34. Ne5+ Kf6 35. Nf3 {[%emt 0:00:10] Es drohte Rd2} g5 36. Re2 h5 37. Ne1 (37. Rc2 $11) 37... g4 (37... f4 $17 {Mit der Idee ...Rd1.} 38. b3 Rd1) 38. hxg4 hxg4 39. f3 Rd1 {[%emt 0:02:23] Weiss muss nun ...Nd4 beachten.} 40. fxg4 Nd4 41. Re8 (41. g5+ $1 $11 Kxg5 42. Nf3+ Kf6 43. Nxd4 Rxd4 44. Kf3) 41... Rd2+ (41... fxg4 $17 {Zielt auf ...Rd2+ ab.} 42. Rd8 Ke7) 42. Kh3 fxg4+ 43. Kxg4 Rxb2 44. Rf8+ {[%emt 0:01:13] [#]} (44. a4 $11 {hält das Gleichgewicht.}) 44... Ke7 $1 $17 {[%emt 0:01:41] Schwarz steht aktiver.} 45. Rf1 (45. Rf4 $17 {ist wohl besser.} Ne6 46. Rf1 Rxa2 47. Nf3) 45... Rxa2 $19 46. Kg5 $2 (46. Nd3 {leistet mehr Widerstand.}) 46... Rd2 47. Kf4 Rd1 48. Rh1 b4 49. Ke4 Ne6 50. Rh7+ $2 (50. Ke3 {ist der einzige Weg für Weiss..} Nc5 51. Ke2) 50... Kd6 51. Nd3 Ng5+ 52. Kd4 {[%emt 0:09:02] Gewichteter Fehlerwert: Weiß=0.43/Schwarz=0.18 (sehr präzise) .  Fehler:       	Weiß=6     	Schwarz=2     Ungenau:       	Weiß=4     	Schwarz=2     OK:         	Weiß=11    	Schwarz=13    Bester:       	Weiß=5     	Schwarz=3     Stark:        	---       	Schwarz=1} 0-1

[Event "FIDE World Cup O12-TB 2024"]
[Site "Batumi"]
[Date "2024.07.02"]
[Round "2.17"]
[White "Akhmet, Suleyman"]
[Black "Berdashkevich, Makar"]
[Result "1/2-1/2"]
[ECO "E16"]
[WhiteElo "1793"]
[BlackElo "1650"]
[Annotator "NA RC"]
[PlyCount "84"]
[EventDate "2024.06.23"]
[EventType "swiss"]
[EventCountry "GEO"]
[SourceTitle "playchess.com"]
[Source "ChessBase"]
[SourceQuality "1"]
[TimeControl "5400+30"]

1. d4 Nf6 2. c4 e6 3. Nf3 Bb4+ 4. Bd2 Qe7 5. a3 Bxd2+ 6. Nbxd2 d6 7. g3 b6 8. Bg2 Bb7 9. O-O O-O 10. Qc2 Nbd7 11. e4 e5 12. d5 g6 13. b4 Ne8 14. Nh4 Ng7 15. Rae1 Rac8 16. Qd3 c6 17. Bh3 Rcd8 18. Nb3 Nb8 19. Rc1 c5 20. bxc5 dxc5 21. Nd2 Ne8 22. Qc3 Bc8 23. Bxc8 Rxc8 24. f4 Nd7 25. f5 Nd6 26. fxg6 hxg6 27. Qf3 Qg5 28. Qe2 Kg7 29. Nhf3 Qh5 30. Rf2 Rce8 31. Nh4 Qg5 32. Nhf3 Qh6 33. Rcf1 f5 34. exf5 gxf5 35. Nh4 Qh7 36. Ndf3 Ne4 37. Nxf5+ Qxf5 38. Nh4 Qxf2+ 39. Rxf2 Nxf2 40. Qh5 e4 41. Qg6+ Kh8 42. Qh6+ Kg8 1/2-1/2

[Event "FIDE World Cup O12-TB 2024"]
[Site "Batumi"]
[Date "2024.07.02"]
[Round "2.18"]
[White "Diasamidze, Rati"]
[Black "Amangeldy, Ramazan"]
[Result "1/2-1/2"]
[ECO "B73"]
[WhiteElo "1646"]
[BlackElo "1740"]
[Annotator "NA RC"]
[PlyCount "131"]
[EventDate "2024.06.23"]
[EventType "swiss"]
[EventCountry "GEO"]
[SourceTitle "playchess.com"]
[Source "ChessBase"]
[SourceQuality "1"]
[TimeControl "5400+30"]

1. e4 c5 2. Nf3 d6 3. d4 cxd4 4. Nxd4 Nf6 5. Nc3 g6 6. Be2 Bg7 7. O-O O-O 8. Be3 Nc6 9. f3 Bd7 10. Qd2 Rc8 11. Rfd1 Ne5 12. Bf2 a6 13. a4 Qc7 14. Nd5 Nxd5 15. exd5 Nc4 16. Qb4 Nb6 17. c4 a5 18. Qb3 Qd8 19. Ne6 fxe6 20. Bxb6 Qe8 21. dxe6 Bxe6 22. Bxa5 Qc6 23. Qe3 Bxc4 24. Rac1 d5 25. b3 Qc5 26. Qxc5 Rxc5 27. Bb4 Bxe2 28. Bxc5 Bxd1 29. Rxd1 Rc8 30. Bxe7 d4 31. b4 Rc3 32. Kf2 d3 33. Bc5 Bh6 34. g3 Rc2+ 35. Kf1 Bd2 36. a5 Kf7 37. Bb6 Ra2 38. h4 Ke6 39. Bc5 Kd5 40. Bf2 Kc4 41. Be1 Be3 42. g4 Rh2 43. b5 d2 44. Bxd2 Rxd2 45. Rxd2 Bxd2 46. a6 bxa6 47. bxa6 Be3 48. f4 Kb5 49. Ke2 Bc5 50. f5 Kxa6 51. Kf3 Kb7 52. Kf4 Be7 53. g5 Kc7 54. fxg6 hxg6 55. Kg4 Kd6 56. h5 Ke6 57. hxg6 Bf8 58. Kh4 Kf5 59. Kh5 Bg7 60. Kh4 Kxg6 61. Kg4 Bf6 62. gxf6 Kf7 63. Kf5 Kf8 64. Ke5 Kf7 65. Kf4 Kxf6 66. Ke4 1/2-1/2

[Event "FIDE World Cup O12-TB 2024"]
[Site "Batumi"]
[Date "2024.07.02"]
[Round "2.19"]
[White "Amreyev, Azat"]
[Black "Mamikonyan, Artem T"]
[Result "0-1"]
[ECO "B15"]
[WhiteElo "1704"]
[BlackElo "1855"]
[Annotator "NA RC"]
[PlyCount "84"]
[EventDate "2024.06.23"]
[EventType "swiss"]
[EventCountry "GEO"]
[SourceTitle "playchess.com"]
[Source "ChessBase"]
[SourceQuality "1"]
[TimeControl "5400+30"]

1. e4 c6 2. d4 d5 3. Nc3 dxe4 4. Nxe4 Nf6 5. Nxf6+ exf6 6. c3 Bd6 7. Bd3 O-O 8. Qc2 Re8+ 9. Be3 h5 10. Nf3 Bf4 11. O-O Bxe3 12. fxe3 Rxe3 13. Ne5 fxe5 14. Qf2 Rxd3 15. Qxf7+ Kh7 16. Qxh5+ Kg8 17. Qg6 Qe7 18. Qxd3 e4 19. Qg3 Nd7 20. Rae1 Nf6 21. Qe5 Be6 22. b3 Re8 23. Qg5 Nd5 24. Qxe7 Rxe7 25. c4 Nf6 26. h3 Rd7 27. Rd1 b5 28. cxb5 cxb5 29. Rc1 Rxd4 30. Rfd1 Rxd1+ 31. Rxd1 Nd5 32. a4 a6 33. Rc1 Kf7 34. Rc6 e3 35. Rxa6 b4 36. Ra7+ Kf6 37. Rb7 Ke5 38. a5 Kd4 39. a6 e2 40. Kf2 Kd3 41. Ke1 Ne3 42. Rc7 Nxg2+ 0-1

[Event "FIDE World Cup O12-TB 2024"]
[Site "Batumi"]
[Date "2024.07.02"]
[Round "2.20"]
[White "Yang, Maxwell"]
[Black "Yusupov, Rauf"]
[Result "1-0"]
[ECO "D36"]
[WhiteElo "1979"]
[BlackElo "1800"]
[Annotator "NA RC"]
[PlyCount "63"]
[EventDate "2024.06.23"]
[EventType "swiss"]
[EventCountry "GEO"]
[SourceTitle "playchess.com"]
[Source "ChessBase"]
[SourceQuality "1"]
[TimeControl "5400+30"]

1. d4 d5 2. c4 e6 3. Nc3 Nf6 4. cxd5 exd5 5. Bg5 Be7 6. e3 c6 7. Qc2 h6 8. Bh4 O-O 9. Bd3 Re8 10. Nge2 Nbd7 11. O-O Nf8 12. f3 Qd7 13. Bf2 Bd8 14. Ng3 g6 15. Rad1 Bc7 16. e4 dxe4 17. Bxe4 Nxe4 18. Ngxe4 Nh7 19. Nc5 Qf5 20. Qxf5 Bxf5 21. d5 cxd5 22. Nxd5 Rac8 23. Nxb7 Be5 24. f4 Bb8 25. Nc5 Kg7 26. Bd4+ Kf8 27. b4 Rcd8 28. Nc3 Bg4 29. Rd2 Nf6 30. h3 Be6 31. Rfd1 Bxf4 32. Nxe6+ 1-0